 Dungeon Crawl Stone Soup version 0.30-a0-737-gf23d94013f (webtiles) character file.

Game seed: 5511693302496441099

58 NinjaNoafa the Chopper (level 3, 0/31 HPs)
             Began as a Minotaur Monk on Feb 1, 2023.
             Killed by nerve-wracking pain
             ... invoked by Jessica
              (9 damage)
             ... on level 2 of the Dungeon.
             The game lasted 00:02:42 (864 turns).

NinjaNoafa the Chopper (Minotaur Monk)               Turns: 864, Time: 00:02:42

Health: 0/31       AC:  6    Str: 17    XL:     3   Next: 76%
Magic:  2/2        EV: 10    Int:  7    God:
Gold:   29         SH:  0    Dex: 12    Spells: 2/2 levels left

rFire   . . .      SeeInvis .    a - +0 hand axe
rCold   . . .      Faith    .    (no shield)
rNeg    . . .      Spirit   .    d - +0 scale mail
rPois   .          Reflect  .    (helmet restricted)
rElec   .          Harm     .    (no cloak)
rCorr   .          Rampage  .    (no gloves)
Will    .....                    (no boots) Stlth
                                 (no amulet)
HPRegen 0.25/turn                (no ring)
MPRegen 0.08/turn                (no ring)

@: no status effects
A: horns 2, retaliatory headbutt
a: no special abilities


You were on level 2 of the Dungeon.
You visited 1 branch of the dungeon, and saw 2 of its levels.

You collected 29 gold pieces.

Inventory:

Hand Weapons
 a - a +0 hand axe (weapon)
Armour
 d - a +0 scale mail (worn)
Scrolls
 c - a scroll of fear {unknown}
Potions
 b - a potion of attraction {unknown}
 e - 2 potions of mutation {unknown}


   Skills:
 - Level 3.6 Fighting
 + Level 4.7 Axes
 - Level 3.0 Armour
 - Level 3.2 Dodging
 - Level 1.5 Stealth


You had 2 spell levels left.
You didn't know any spells.
Your spell library was empty.

Dungeon Overview and Level Annotations

Branches:
Dungeon (2/15)

Altars:

Annotations:
D:2 Jessica


Innate Abilities, Weirdness & Mutations

You have a pair of horns on your head.
You reflexively headbutt those who attack you in melee.


Message History

You see here a frilled lizard corpse.
Key pressed, stopping explore.
You open the door.
A rat comes into view.
Found a white potion and a whip.
A rat is nearby!
A goblin comes into view. It is wielding a +0 dagger.
Found a smoky brown potion.
Found a stone staircase leading down.
The goblin shouts!
Jessica the Apprentice Sorceress comes into view.
She is wielding a +0 dagger of holy wrath.
There is an open door here.
Jessica shouts!
The rat bites you but does no damage.
You hit the rat but do no damage. The rat bites you.
You hit the rat but do no damage. You barely miss the goblin.
Jessica gestures wildly while chanting.
Jessica blinks!
The goblin closely misses you. You furiously retaliate!
You headbutt the goblin. The rat bites you but does no damage.
You barely miss the rat. You barely miss the goblin.
The goblin completely misses you. You furiously retaliate!
You headbutt the goblin.
You kill the goblin!
The rat barely misses you. You furiously retaliate!
You headbutt the rat.
You kill the rat!
Things that are here:
a white potion; a rat corpse Jessica gestures at you while chanting.
You resist with some effort. Jessica attacks as you move away!
Jessica hits you with a +0 dagger of holy wrath.
Jessica points at you and mumbles some strange words.
Pain shoots through your body!
* * * LOW HITPOINT WARNING * * *
Jessica hits you with a +0 dagger of holy wrath.
* * * LOW HITPOINT WARNING * * *
You hit Jessica.
Jessica is moderately wounded.
Jessica points at you and mumbles some strange words.
Pain shoots through your body!
You die...

####.#..# #.##.####
#.......# ##..###.# ####
#.## #.########... ## #.#
#.##.......# .####.#
#.##......!#
...##.####.##).@....#####
##..........'..!@..>.....
####.####.##.......#####
#.# #.####+###.# #.# #.#
.# #.# #.# # ..# #.# .##
#.# # #.# #.#


You could see Jessica.

Vanquished Creatures
  An adder (D:2)
  A dart slug (D:1)
  4 ball pythons (D:1)
  3 endoplasms (D:1)
  2 giant cockroaches (D:1)
  A hobgoblin (D:1)
  6 jackals (D:1)
  5 kobolds (D:1)
  2 quokkas
  3 bats (D:1)
  2 frilled lizards
  7 goblins
  6 rats
43 creatures vanquished.

Vanquished Creatures (others)
  A hobgoblin (D:1)
1 creature vanquished.

Grand Total: 44 creatures vanquished

Notes
Turn   | Place    | Note
-------+----------+-------------------------------------------
     0 | D:1      | NinjaNoafa the Minotaur Monk began the quest for the Orb.
     0 | D:1      | Reached XP level 1. HP: 19/19 MP: 0/0
    96 | D:1      | Reached skill level 1 in Armour
   117 | D:1      | Reached XP level 2. HP: 14/26 MP: 1/1
   388 | D:1      | Reached skill level 4 in Axes
   388 | D:1      | Reached XP level 3. HP: 30/31 MP: 2/2
   854 | D:2      | Noticed Jessica
   864 | D:2      | Killed from afar by Jessica

Illustrated notes

Levels and vault maps discovered:
D:1:      dpeg_arrival_castle, layout_loops_cross
D:2:      wad_woods_tower, layout_basic, serial_shops, shop_coins, uniq_jessica

Skill      XL: |  1  2 |
---------------+-------+-----
Armour         | 2 3 |  3.0
Axes           | 4 |  4.7
Fighting       | |  3.6
Dodging        | |  3.2
Stealth        | |  1.5

Action                     || total
---------------------------++-------
  Melee: Hand axe          ||    72
         Headbutt          ||    11
         Punch             ||     1
    Use: Potion            ||     1
 Armour: Robe              ||     7
         Scale mail        ||    33
  Dodge: Dodged            ||    51

Table legend: (Time is in decaauts)
 A = Elapsed time spent in this place.
 B = Non-inter-level travel time spent in this place.
 C = Inter-level travel time spent in this place.
 D = Time resting spent in this place.
 E = Time spent auto-exploring this place.
 F = Levels seen in this place.
 G = Mean time per level.
                   A        B        C        D        E       F      G
               +--------+--------+--------+--------+--------+-----+--------+
         Total |    875 |    872 |      3 |      0 |    588 |   2 |  437.5 |
       Dungeon |    875 |    872 |      3 |      0 |    588 |   2 |  437.5 |
               +--------+--------+--------+--------+--------+-----+--------+

Top non-repeatable levels by time:
     D:1: 770 daAuts
     D:2: 104 daAuts
